Map: Catalyst LE

Players

ShoWTimE - Winner!

  • Race: Protoss Protoss
  • League: Grandmaster
  • Spawn Location: 5:00

NightEnD

  • Race: Protoss Protoss
  • League: Grandmaster
  • Spawn Location: 11:00

Event: WESG Barcelona European Finals 2017

VOD

Have the link to the VOD?

Description

Time

  • Played on: Nov. 24, 2017, 9:03 a.m.
  • Length: 17:43

All games in this series

Show
View Real Time Build Order
Export as new Build Order

ShoWTimE Protoss - Winner!

Build Orders: Phoenix Opening, Archon Immortal, Zealot Archon 

Get SALT Encoding   

  12  0:00  Probe  
  13  0:12  Probe  
  14  0:17  Pylon  
  14  0:25  Probe (Chrono Boost)  
  15  0:37  Probe (Chrono Boost)  
  15  0:38  Gateway  
  17  0:45  Probe (Chrono Boost)  
  17  0:48  Assimilator  
  17  0:51  Probe  
  17  0:55  Assimilator  
  18  1:03  Probe  
  19  1:08  Gateway  
  19  1:15  Probe (Chrono Boost)  
  21  1:25  Probe (Chrono Boost), Cybernetics Core  
  21  1:29  Probe  
  22  1:36  Pylon  
  22  1:41  Probe  
  23  1:54  Probe  
  24  2:02  Sentry, Warp Gate (Chrono Boost), Stalker  
  28  2:15  Pylon  
  28  2:28  Stalker  
  30  2:33  Stalker  
  32  2:48  Probe  
  33  2:54  Nexus  
  33  3:00  Probe  
  33  3:02  Shield Battery  
  34  3:07  Phoenix  
  34  3:08  Sentry  
  36  3:15  Robotics Facility  
  36  3:18  Probe  
  37  3:24  Shield Battery  
  37  3:30  Probe  
  38  3:42  Probe  
  39  3:55  Shield Battery  
  39  4:04  Forge  
  39  4:06  Observer  
  42  4:11  Sentry  
  42  4:12  Probe x2 (Chrono Boost)  
  42  4:13  Phoenix  
  46  4:19  Twilight Council, Probe (Chrono Boost)  
  46  4:20  Probe (Chrono Boost)  
  48  4:24  Probe x2 (Chrono Boost)  
  48  4:27  Pylon, Probe  
  49  4:32  Warp Prism  
  49  4:33  Probe  
  52  4:39  Probe  
  52  4:40  Protoss Ground Weapons Level 1 (Chrono Boost)  
  52  4:45  Probe  
  54  4:48  Assimilator, Charge  
  54  4:51  Assimilator, Probe  
  54  4:52  Shield Battery  
  55  4:57  Probe  
  56  5:03  Probe  
  56  5:07  Phoenix  
  57  5:09  Probe  
  57  5:11  Adept  
  57  5:12  Adept  
  62  5:15  Pylon  
  62  5:20  Pylon  
  62  5:33  Probe  
  62  5:34  Immortal  
  62  5:35  Pylon  
  67  5:38  Gateway  
  67  5:41  Gateway  
  67  5:45  Gateway  
  67  5:53  Phoenix  
  67  5:59  Gateway  
  67  6:02  Templar Archives  
  67  6:11  Gateway  
  67  6:14  Immortal (Chrono Boost)  
  67  6:16  Gateway  
  71  6:22  Probe  
  71  6:24  Phoenix, Protoss Ground Weapons Level 2 (Chrono Boost)  
  72  6:39  Nexus  
  72  6:42  Pylon  
  72  6:45  High Templar  
  72  6:46  High Templar x2  
  78  6:47  High Templar  
  78  6:51  Archon x2  
  80  6:54  Probe  
  80  6:55  Probe  
  80  6:56  Pylon  
  82  7:03  Immortal  
  86  7:09  Phoenix  
  86  7:10  Shield Battery x2  
  86  7:20  Shield Battery  
  86  7:22  Pylon  
  86  7:26  High Templar x2  
  86  7:27  Zealot x3  
  96  7:32  Archon  
  96  7:35  Pylon  
  96  7:40  Zealot x3  
  102  7:46  Probe x2  
  102  7:50  Observer  
  105  7:52  Photon Cannon  
  105  7:57  Probe  
  106  7:58  Probe, High Templar  
  106  7:59  High Templar  
  106  8:03  Zealot, Archon  
  113  8:09  Zealot x2  
  117  8:16  Probe  
  117  8:18  Pylon  
  120  8:31  High Templar x2  
  120  8:32  Zealot x5  
  132  8:35  Pylon  
  132  8:36  Zealot, Archon  
  104  8:59  Zealot  
  104  9:00  Zealot x5  
  112  9:05  Zealot x2  
  112  9:08  Immortal  
  95  9:13  Probe x2 (Chrono Boost)  
  95  9:14  Probe (Chrono Boost), Protoss Ground Weapons Level 3 (Chrono Boost)  
  96  9:22  High Templar x2  
  103  9:25  Probe x3 (Chrono Boost)  
  103  9:26  Archon  
  103  9:27  Probe x2  
  105  9:32  Probe  
  105  9:33  Assimilator  
  105  9:37  Assimilator  
  106  9:39  Probe x2  
  108  9:47  Immortal  
  108  9:51  Zealot x5  
  122  9:53  Shield Battery  
  120  10:11  Zealot x3, High Templar x2  
  120  10:12  Zealot  
  130  10:15  Pylon  
  130  10:16  Archon  
  130  10:26  Immortal  
  134  10:32  Shield Battery  
  134  10:35  Pylon, Nexus  
  134  10:37  Pylon, High Templar x2  
  138  10:44  Archon  
  138  10:47  Pylon  
  138  10:49  High Templar x2  
  142  10:50  Zealot x4  
  142  10:53  Archon  
  150  10:58  Protoss Shields Level 1 (Chrono Boost)  
  150  10:59  Shield Battery  
  150  11:00  Shield Battery x2  
  150  11:01  Shield Battery  
  150  11:04  Pylon  
  150  11:08  Pylon  
  150  11:09  Immortal  
  154  11:19  Photon Cannon  
  154  11:20  Photon Cannon  
  154  11:24  Zealot x3  
  160  11:28  Zealot  
  162  11:41  Pylon, High Templar x3  
  162  11:42  High Templar  
  162  11:46  Assimilator  
  170  11:49  Probe, Archon  
  170  11:51  Assimilator, Archon  
  171  11:55  Immortal (Chrono Boost)  
  175  12:01  High Templar x2  
  175  12:05  Gateway  
  175  12:06  Gateway  
  175  12:07  Archon  
  175  12:08  Gateway, Zealot x2  
  181  12:13  Photon Cannon  
  179  12:19  High Templar x2  
  179  12:21  Zealot x2  
  187  12:24  Archon  
  187  12:26  Shield Battery  
  187  12:28  Shield Battery  
  187  12:30  Zealot x2  
  187  12:36  Zealot x2  
  195  12:40  Shield Battery  
  195  12:41  Shield Battery  
  189  12:46  Zealot x2  
  189  12:50  Immortal  
  183  12:56  High Templar x4  
  179  13:01  Archon x2  
  174  13:07  Protoss Shields Level 2 (Chrono Boost)  
  174  13:12  Zealot x3  
  180  13:17  Zealot x2  
  179  13:25  Zealot x2  
  183  13:32  High Templar x2  
  182  13:37  Archon  
  182  13:39  Pylon  
  182  13:40  Pylon x2  
  182  13:51  Pylon  
  182  13:58  High Templar x3  
  182  14:00  High Templar  
  190  14:04  Archon  
  190  14:05  Archon  
  190  14:06  Nexus  
  182  14:14  Zealot x4  
  156  14:18  Zealot x3  
  156  14:20  Observer  
  129  14:31  Zealot x3  
  115  14:43  High Templar x4  
  123  14:47  Archon  
  123  14:48  Archon  
  123  14:49  Zealot x2  
  123  14:50  Zealot  
  129  14:54  Protoss Ground Armor Level 1 (Chrono Boost)  
  129  15:01  Zealot x2  
  129  15:03  Zealot  
  135  15:14  High Templar x2  
  135  15:18  Archon  
  135  15:19  Zealot x3  
  145  15:26  Assimilator  
  145  15:29  Assimilator  
  141  15:38  Pylon  
  141  15:43  High Templar x2  
  141  15:44  Zealot x6  
  141  15:49  Archon  
  157  15:56  Immortal  
  161  16:01  Zealot x2  
  165  16:06  Photon Cannon  
  165  16:08  Shield Battery  
  165  16:11  Zealot  
  165  16:12  Zealot x3  
  165  16:15  Zealot  
  174  16:20  Zealot x2  
  174  16:25  Zealot x2  
  181  16:28  Shield Battery  
  181  16:30  High Templar x2  
  185  16:34  High Templar x2, Archon  
  185  16:38  Archon  
  189  16:50  Photon Cannon  
  189  16:57  Zealot x4  
  197  17:06  Zealot  
  197  17:07  Zealot  
  199  17:11  Observer (Chrono Boost)  
  180  17:17  Zealot x4  
  158  17:23  Zealot x2  
  129  17:32  Zealot x3  
Show
View Real Time Build Order
Export as new Build Order

NightEnD Protoss 

Build Orders: Archon Immortal, Zealot Archon 

Get SALT Encoding   

  12  0:00  Probe  
  13  0:13  Probe  
  14  0:21  Pylon  
  14  0:25  Probe  
  15  0:39  Probe (Chrono Boost)  
  15  0:41  Gateway  
  16  0:47  Assimilator  
  16  0:49  Probe (Chrono Boost)  
  17  0:53  Probe  
  18  0:57  Assimilator  
  18  1:05  Probe  
  18  1:10  Gateway  
  19  1:17  Probe  
  20  1:29  Cybernetics Core  
  20  1:30  Probe  
  21  1:36  Pylon  
  21  1:42  Probe  
  22  1:54  Probe  
  23  2:05  Stalker x2  
  23  2:06  Warp Gate (Chrono Boost)  
  27  2:23  Pylon  
  27  2:40  Nexus  
  27  2:50  Pylon  
  27  2:56  Stalker  
  29  3:03  Stalker  
  31  3:09  Probe  
  32  3:21  Probe  
  32  3:25  Robotics Facility  
  33  3:30  Shield Battery  
  33  3:35  Probe  
  34  3:43  Sentry x2  
  39  3:52  Probe (Chrono Boost)  
  39  3:53  Probe (Chrono Boost)  
  42  4:03  Probe x2 (Chrono Boost)  
  42  4:04  Twilight Council  
  42  4:06  Probe (Chrono Boost)  
  43  4:12  Observer  
  46  4:18  Probe (Chrono Boost)  
  46  4:19  Pylon  
  46  4:20  Probe (Chrono Boost)  
  48  4:25  Probe x2 (Chrono Boost)  
  48  4:32  Probe  
  48  4:36  Probe  
  48  4:37  Immortal (Chrono Boost)  
  54  4:39  Pylon  
  54  4:46  Probe, Charge  
  54  4:48  Probe  
  56  4:58  Probe  
  57  5:00  Probe  
  57  5:01  Forge  
  58  5:07  Assimilator  
  58  5:09  Assimilator  
  58  5:10  Probe, Immortal (Chrono Boost)  
  58  5:13  Probe  
  64  5:22  Probe  
  64  5:25  Probe  
  64  5:26  Pylon  
  64  5:27  Pylon  
  66  5:33  Protoss Ground Weapons Level 1  
  66  5:34  Probe  
  68  5:46  Gateway  
  68  5:49  Gateway  
  71  5:50  Immortal (Chrono Boost)  
  71  5:59  Zealot x2  
  75  6:05  Gateway  
  75  6:06  Gateway  
  75  6:11  Pylon  
  75  6:17  Templar Archives  
  75  6:18  Probe x2  
  77  6:24  Immortal (Chrono Boost)  
  81  6:36  Pylon  
  81  6:37  Pylon  
  81  6:39  Pylon  
  81  6:49  Zealot x4  
  81  6:54  Immortal (Chrono Boost)  
  93  7:03  High Templar x2  
  97  7:08  Archon  
  97  7:09  Photon Cannon  
  97  7:10  High Templar  
  97  7:11  Zealot x2, High Templar  
  105  7:22  Archon  
  105  7:23  Probe x2  
  105  7:28  Observer  
  107  7:32  Nexus  
  107  7:33  Pylon  
  107  7:34  Pylon  
  107  7:36  Probe x2  
  109  7:37  Protoss Ground Weapons Level 2 (Chrono Boost)  
  109  7:42  Assimilator  
  109  7:47  Assimilator  
  109  7:48  Probe  
  110  7:52  High Templar x2  
  110  7:57  Archon  
  114  8:02  High Templar  
  114  8:03  Zealot x2, High Templar  
  122  8:05  Probe  
  122  8:06  Probe  
  122  8:09  Archon  
  124  8:18  Probe x2  
  124  8:19  Immortal (Chrono Boost)  
  130  8:25  Pylon  
  130  8:29  Pylon  
  130  8:35  Probe x2  
  132  8:44  Zealot x2, High Templar x2  
  140  8:48  Zealot, Archon  
  140  8:49  Zealot  
  128  9:00  Immortal (Chrono Boost)  
  110  9:07  Zealot x2  
  108  9:12  Photon Cannon  
  108  9:14  Protoss Ground Weapons Level 3 (Chrono Boost)  
  108  9:15  High Templar x2  
  112  9:18  Shield Battery  
  112  9:19  Archon  
  112  9:21  Zealot x2  
  116  9:30  Zealot x2  
  120  9:33  Photon Cannon  
  120  9:36  Shield Battery  
  120  9:39  Immortal (Chrono Boost)  
  120  9:44  Sentry x2  
  128  9:50  Zealot x3  
  132  10:07  Zealot x2  
  132  10:11  Immortal (Chrono Boost)  
  140  10:15  Pylon x2  
  140  10:23  Dark Shrine  
  140  10:27  Gateway  
  140  10:28  Gateway  
  138  10:33  Pylon  
  138  10:35  Pylon  
  138  10:38  High Templar x3  
  138  10:39  High Templar  
  138  10:40  Warp Prism  
  148  10:43  Archon x2  
  148  10:56  Gateway  
  148  11:14  High Templar x4  
  148  11:15  Zealot  
  148  11:16  Nexus  
  158  11:20  Archon x2  
  158  11:23  Pylon  
  158  11:27  Probe x2  
  158  11:28  High Templar x2  
  158  11:32  Archon  
  164  11:38  Zealot  
  170  11:40  Immortal (Chrono Boost)  
  170  11:49  Zealot x4  
  170  11:54  Pylon  
  178  11:55  Pylon  
  178  11:57  Nexus  
  178  11:58  Protoss Ground Armor Level 1 (Chrono Boost)  
  178  12:15  High Templar x3  
  184  12:16  Zealot x3, High Templar  
  184  12:17  Zealot  
  184  12:20  Archon x2  
  194  12:36  Pylon  
  192  12:37  Dark Templar  
  192  12:39  Dark Templar  
  183  12:54  Zealot x2, High Templar x2  
  189  12:59  Zealot x2, Archon  
  189  13:01  Immortal (Chrono Boost)  
  193  13:14  Zealot x3  
  185  13:22  Zealot x2  
  185  13:26  Zealot  
  187  13:30  Immortal (Chrono Boost)  
  191  13:35  Zealot x2, High Templar x2  
  191  13:38  Assimilator x2  
  191  13:39  Pylon  
  199  13:43  Photon Cannon  
  199  13:44  Photon Cannon  
  199  13:46  Shield Battery  
  199  13:47  Protoss Shields Level 1  
  199  13:48  Shield Battery  
  199  13:49  Shield Battery  
  199  13:52  Shield Battery  
  199  13:54  Archon  
  189  14:11  Zealot, High Templar x4  
  189  14:12  Zealot x3  
  189  14:15  Archon x2  
  99  14:34  High Templar x4  
  99  14:37  Archon  
  87  14:38  Immortal (Chrono Boost)  
  87  14:41  Archon x2  
  87  14:44  Probe x2  
  87  14:45  Probe  
  90  14:47  Zealot  
  90  14:48  Zealot x3  
  98  14:57  Zealot, High Templar x2  
  104  15:02  Immortal (Chrono Boost)  
  104  15:03  Gateway  
  104  15:05  Gateway  
  104  15:06  Archon  
  108  15:07  Gateway  
  108  15:11  Zealot, High Templar  
  108  15:12  Zealot x2  
  108  15:13  High Templar  
  117  15:22  Archon  
  117  15:30  Zealot x3  
  117  15:32  Immortal (Chrono Boost)  
  121  15:36  High Templar x2  
  125  15:43  Archon  
  125  15:48  Zealot x3  
  129  15:56  Immortal (Chrono Boost)  
  112  16:05  Zealot x3  
  118  16:25  High Templar x2, Immortal (Chrono Boost)  
  124  16:30  Archon  
  124  16:46  Zealot x4, High Templar x2  
  136  16:53  Archon  
  136  16:55  Immortal (Chrono Boost)  
  136  16:59  Zealot x2  
  126  17:15  Zealot  
  126  17:16  Zealot x2  
  126  17:20  High Templar x2  
  126  17:21  Zealot x2  
  118  17:27  Archon  
  118  17:28  Zealot  
Tags
 
Add a new tag
Caveats
  • Supply blocks, unpowered buildings, or Contaminate may cause inaccurate times.
  • Supply counts are checked every 10 seconds.